 Dungeon Crawl Stone Soup version 0.21.1-1-g345015f (webtiles) character file.

94 relionnb the Charlatan (level 4, -2/36 HPs)
             Began as a Draconian Artificer on Mar 3, 2018.
             Was a Follower of Cheibriados.
             Slain by Sigmund
             ... wielding a +6 vampiric scythe
              (14 damage)
             ... on level 2 of the Dungeon.
             The game lasted 00:16:36 (1838 turns).

relionnb the Charlatan (Draconian Artificer)        Turns: 1838, Time: 00:16:36

Health: -2/36      AC:  5    Str: 17    XL:     4   Next: 38%
Magic:  6/6        EV: 12    Int: 14    God:    Cheibriados [*.....]
Gold:   98         SH:  0    Dex: 13    Spells: 3/3 levels left

rFire    . . .     SeeInvis .   a - +0 short sword
rCold    . . .     Gourm    .   (no shield)
rNeg     . . .     Faith    .   (armour unavailable)
rPois    .         Spirit   .   (helmet restricted)
rElec    .         Reflect  .   (no cloak)
rCorr    .         Harm     .   (no gloves)
MR       .....                  (no boots)
Stlth    ++........             (no amulet)
HPRegen  0.12/turn              (no ring)
MPRegen  0.10/turn              (no ring)

@: very slow
A: unfitting armour, cold-blooded, AC +5
a: Bend Time, Renounce Religion


You were on level 2 of the Dungeon.
You worshipped Cheibriados.
Cheibriados was aware of your devotion.
You were not hungry.

You visited 1 branch of the dungeon, and saw 2 of its levels.

You collected 98 gold pieces.

Inventory:

Hand Weapons
 a - a +0 short sword (weapon)
 k - a +0 hand axe
 u - a cursed -3 short sword
Missiles
 e - 71 stones
 l - 51 bolts
 s - 3 tomahawks (quivered)
 x - 25 arrows
Wands
 b - a wand of flame (15)
 c - a wand of enslavement (15)
 d - a wand of random effects (15)
Scrolls
 h - a scroll of identify {unknown}
 i - a scroll of remove curse {unknown}
 n - a scroll of fog {unknown}
 o - 2 scrolls of magic mapping {unknown}
 p - a scroll of teleportation {unknown}
 t - a scroll of immolation {unknown}
 w - a scroll of amnesia {unknown}
Potions
 j - 3 potions of curing {unknown}
 m - a potion of cancellation {unknown}
 q - 2 potions of heal wounds {unknown}
 r - a potion of lignification {unknown}
 v - 2 potions of might {unknown}
Comestibles
 f - a ration
 g - a chunk of flesh


   Skills:
 + Level 1.7 Fighting
 * Level 2.5 Short Blades
 * Level 1.1 Throwing
 + Level 2.3 Dodging
 + Level 1.3 Stealth
 + Level 3.4 Evocations


You had 3 spell levels left.
You didn't know any spells.

Dungeon Overview and Level Annotations

Branches:
Dungeon (2/15)

Altars:
Cheibriados

Annotations:
D:2 Sigmund


Innate Abilities, Weirdness & Mutations

Your plain brown scales are hard. (AC +5)
You cannot fit into any form of body armour.
You are cold-blooded and may be slowed by cold attacks.


Message History

Cheibriados appreciates the change of pace.
You see here a rat corpse.
You butcher the rat corpse.
g - 7 chunks of flesh (gained 1) Some of the chunks of flesh in your inventory have rotted away.
You see here 25 arrows.
There isn't anything to butcher here.
x - 25 arrows Sigmund the Dreaded comes into view.
He is wielding a vampiric scythe.
Sigmund shouts!
Sigmund barely misses you.
Sigmund gestures wildly while chanting.
Sigmund flickers and vanishes!
Deactivating autopickup; reactivate with Ctrl-A.
Some of the chunks of flesh in your inventory have rotted away.
You barely miss something. You tail-slap something. Something hits you!
You barely miss something. Something hits you!
You closely miss something. You tail-slap something. You hit something.
Something hits you!
You die...

#############
......{@....# ##
###########.###########.
#############
#.##..........
#...........####
#.##....[.....
##.###....รท.....#
#.##...######. ...#
#.#####.##.# #.##..## #.
##.###.# #.##.# #.##..#
## ##....<# #.##.#
#.##..# # ....##.#
#.##.# #.##..# #


There were no monsters in sight!

Vanquished Creatures
  3 adders (D:2)
  2 oozes (D:1)
  A worm (D:2)
  5 dart slugs
  2 leopard geckos (D:2)
  A ball python (D:1)
  3 giant cockroaches
  4 goblins
  4 hobgoblins
  4 jackals (D:1)
  2 quokkas (D:2)
  2 frilled lizards
  7 kobolds
  2 rats
42 creatures vanquished.

Notes
Turn   | Place    | Note
-------+----------+-------------------------------------------
     0 | D:1      | relionnb the Draconian Artificer began the quest for the Orb.
     0 | D:1      | Reached XP level 1. HP: 16/16 MP: 3/3
   154 | D:1      | Reached XP level 2. HP: 18/23 MP: 4/4
   456 | D:1      | Reached skill level 1 in Stealth
   638 | D:1      | Reached XP level 3. HP: 28/28 MP: 5/5
  1399 | D:2      | Reached skill level 1 in Throwing
  1399 | D:2      | Reached XP level 4. HP: 25/36 MP: 6/6
  1547 | D:2      | Found a faded altar of an unknown god.
  1594 | D:2      | Became a worshipper of Cheibriados the Contemplative
  1594 | D:2      | Reached * piety under Cheibriados
  1831 | D:2      | Noticed Sigmund
  1838 | D:2      | Slain by Sigmund

Skill      XL: |  1  2  3 |
---------------+----------+-----
Dodging        | 2 |  2.3
Stealth        | 1 |  1.3
Short Blades   | 2 |  2.5
Throwing       | 1 |  1.1
Fighting       | |  1.7
Evocations     | |  3.4

Action                   |  1- 3 |  4- 6 || total
-------------------------+-------+-------++-------
Melee: Short sword       |   137 |    43 ||   180
       Tailslap          |    15 |     9 ||    24
 Stab: Distracted        |     1 |       ||     1
       Sleeping          |     3 |       ||     3
  Eat: Chunk             |     2 |     1 ||     3
Armor: Skin              |    31 |    13 ||    44
Dodge: Dodged            |    85 |    20 ||   105
